| TOP OF THE 1ST |
|
Walla Walla Walleyes batting - Pitching for Bend Bandits : RHP Ignacio Sola
|
|
Pitching: RHP Ignacio Sola
|
|
|
Batting: SHB Damon Farmar
|
0-0: Called Strike 0-1: Bunt for hit to 15 - play at first, batter safe!
|
|
Batting: RHB John Cortez
|
0-0: Called Strike Damon Farmar steals 2nd base 0-1: Ball 1-1: Ball 2-1: Swinging Strike 2-2: Ground out 4-3 (Groundball, 34, EV 103.8 MPH) Damon Farmar to third
|
|
Batting: RHB Curtis Burke
|
0-0: Ball 1-0: Foul Ball, location: 2F 1-1: Ball 2-1: Called Strike 2-2: Strikes out swinging
|
|
Batting: SHB Mike A Brumley
|
0-0: Ball 1-0: Fly out, F4 (Popup, 4D, EV 70.6 MPH)
|
| Top of the 1st over - 0 runs, 1 hit, 0 errors, 1 left on base; Walla Walla 0 - Bend 0 |
| BOTTOM OF THE 1ST |
|
Bend Bandits batting - Pitching for Walla Walla Walleyes : RHP John Johnson
|
|
Pitching: RHP John Johnson
|
|
|
Batting: RHB Johnny Barnette
|
0-0: Ball 1-0: Ball 2-0: Ground out 6-3 (Groundball, 4M, EV 85.6 MPH)
|
|
Batting: RHB Kevin Romine
|
0-0: Ball 1-0: Called Strike 1-1: Called Strike 1-2: SOLO HOME RUN (Flyball, 8RXD, EV 95.6 MPH), Distance : 437 ft
|
|
Batting: LHB Barry Houston
|
0-0: Ball 1-0: Ground out U3 (Groundball, 34, EV 105.6 MPH)
|
|
Batting: RHB Jeff Doerr
|
0-0: Called Strike 0-1: Ball 1-1: Fly out, F5 (Popup, 25F, EV 82.5 MPH)
|
| Bottom of the 1st over - 1 run, 1 hit, 0 errors, 0 left on base; Walla Walla 0 - Bend 1 |
| TOP OF THE 2ND |
|
Walla Walla Walleyes batting - Pitching for Bend Bandits : RHP Ignacio Sola
|
|
Batting: LHB Thomas Gertz
|
0-0: DOUBLE (Line Drive, 78XD, EV 106.9 MPH)
|
|
Batting: RHB Osbe Hoskins
|
0-0: Ball 1-0: Foul Ball, location: 2F 1-1: Foul Ball, location: 2F 1-2: Ball 2-2: Ball 3-2: Foul Ball, location: 2F 3-2: Foul Ball, location: 2F 3-2: SINGLE (Groundball, P, EV 78.8 MPH) (infield hit) Thomas Gertz to third
|
|
Batting: LHB Brian Hartsock
|
0-0: Foul Ball, location: 2F 0-1: Fielders Choice at 2nd, 5-4 (Groundball, 56, EV 101.9 MPH) Thomas Gertz scores
|
|
Batting: SHB Jeff McKnight
|
0-0: Ball 1-0: Ball 2-0: Ball 3-0: Called Strike 3-1: Base on Balls Brian Hartsock to second
|
|
Batting: RHB Mitch Lyden
|
0-0: Called Strike Brian Hartsock steals 3rd base Jeff McKnight to second 0-1: Ball 1-1: Ball 2-1: Foul Ball, location: 2F 2-2: Strikes out swinging
|
|
Batting: SHB Damon Farmar
|
0-0: Ball 1-0: Swinging Strike 1-1: Swinging Strike 1-2: Foul Ball, location: 2F 1-2: Strikes out looking
|
| Top of the 2nd over - 1 run, 2 hits, 0 errors, 2 left on base; Walla Walla 1 - Bend 1 |
| BOTTOM OF THE 2ND |
|
Bend Bandits batting - Pitching for Walla Walla Walleyes : RHP John Johnson
|
|
Batting: LHB Jim Riggs
|
0-0: Called Strike 0-1: SINGLE (Groundball, 56D, EV 104.4 MPH)
|
|
Batting: RHB Mark Frishman
|
0-0: Ball 1-0: Fly out, F3 (Popup, 3L, EV 63.1 MPH)
|
|
Batting: RHB Trajano Estrela
|
0-0: Foul Ball, location: 2F 0-1: Grounds into double play, 5-4-3 (Groundball, 5, EV 89.4 MPH)
|
| Bottom of the 2nd over - 0 runs, 1 hit, 0 errors, 0 left on base; Walla Walla 1 - Bend 1 |
| TOP OF THE 3RD |
|
Walla Walla Walleyes batting - Pitching for Bend Bandits : RHP Ignacio Sola
|
|
Batting: RHB John Cortez
|
0-0: Ball 1-0: Ball 2-0: Ball 3-0: Base on Balls
|
|
Batting: RHB Curtis Burke
|
0-0: Called Strike 0-1: Ball 1-1: Ball 2-1: Ball 3-1: Swinging Strike 3-2: Foul Ball, location: 2F 3-2: Strikes out swinging
|
|
Batting: SHB Mike A Brumley
|
0-0: Ball 1-0: Called Strike 1-1: Fly out, F7 (Line Drive, 7, EV 93.1 MPH)
|
|
Batting: LHB Thomas Gertz
|
0-0: Fly out, F7 (Flyball, 7LD, EV 101.9 MPH)
|
| Top of the 3rd over - 0 runs, 0 hits, 0 errors, 1 left on base; Walla Walla 1 - Bend 1 |
| BOTTOM OF THE 3RD |
|
Bend Bandits batting - Pitching for Walla Walla Walleyes : RHP John Johnson
|
|
Batting: RHB Jeffrey Ulrich
|
0-0: Foul Ball, location: 2F 0-1: Ball 1-1: Swinging Strike 1-2: Ground out 4-3 (Groundball, 4, EV 80.6 MPH)
|
|
Batting: RHB Jeffrey Thompson
|
0-0: Ball 1-0: Ball 2-0: Ball 3-0: Base on Balls
|
|
Batting: RHB Johnny Barnette
|
0-0: Ball 1-0: Ball 2-0: Ball 3-0: Called Strike 3-1: Swinging Strike 3-2: Fielders Choice at 2nd, 5-4 (Groundball, 56, EV 108.1 MPH)
|
|
Batting: RHB Kevin Romine
|
0-0: Ball 1-0: Called Strike 1-1: Ball 2-1: Foul Ball, location: 2F 2-2: Fly out, F6 (Flyball, 56D, EV 86.3 MPH)
|
| Bottom of the 3rd over - 0 runs, 0 hits, 0 errors, 1 left on base; Walla Walla 1 - Bend 1 |
| TOP OF THE 4TH |
|
Walla Walla Walleyes batting - Pitching for Bend Bandits : RHP Ignacio Sola
|
|
Batting: RHB Osbe Hoskins
|
0-0: Called Strike 0-1: Ball 1-1: Ball 2-1: Called Strike 2-2: Fly out, F9 (Flyball, 9, EV 92.5 MPH)
|
|
Batting: LHB Brian Hartsock
|
0-0: Ball 1-0: SINGLE (Line Drive, 6D, EV 108.8 MPH)
|
|
Batting: SHB Jeff McKnight
|
0-0: Ball 1-0: Fly out, F7 (Flyball, 7D, EV 87.5 MPH)
|
|
Batting: RHB Mitch Lyden
|
0-0: Ball 1-0: Ground out 4-3 (Groundball, 4, EV 101.3 MPH)
|
| Top of the 4th over - 0 runs, 1 hit, 0 errors, 1 left on base; Walla Walla 1 - Bend 1 |
| BOTTOM OF THE 4TH |
|
Bend Bandits batting - Pitching for Walla Walla Walleyes : RHP John Johnson
|
|
Batting: LHB Barry Houston
|
0-0: SINGLE (Groundball, 4MD, EV 98.8 MPH)
|
|
Batting: RHB Jeff Doerr
|
0-0: Ball 1-0: Foul Ball, location: 2F 1-1: Ball 2-1: Ball 3-1: Base on Balls Barry Houston to second
|
|
Batting: LHB Jim Riggs
|
0-0: Fly out, F8 (Flyball, 8RXD, EV 102.5 MPH) Runner from 2nd tags up, SAFE at 3rd, no throw by CF
|
|
Batting: RHB Mark Frishman
|
0-0: Called Strike 0-1: Called Strike 0-2: Ball 1-2: Ball 2-2: Foul Ball, location: 2F 2-2: Foul Ball, location: 2F 2-2: Ball 3-2: Foul Ball, location: 2F 3-2: Foul Ball, location: 2F 3-2: Base on Balls Jeff Doerr to second
|
|
Batting: RHB Trajano Estrela
|
0-0: Ball 1-0: Ball 2-0: Foul Ball, location: 2F 2-1: Ball 3-1: Fly out, F9 (Flyball, 9S, EV 83.1 MPH)
|
|
Batting: RHB Jeffrey Ulrich
|
0-0: Called Strike 0-1: Ball 1-1: Foul Ball, location: 2F 1-2: Ball 2-2: Foul Ball, location: 2F 2-2: Strikes out swinging
|
| Bottom of the 4th over - 0 runs, 1 hit, 0 errors, 3 left on base; Walla Walla 1 - Bend 1 |
| TOP OF THE 5TH |
|
Walla Walla Walleyes batting - Pitching for Bend Bandits : RHP Ignacio Sola
|
|
Batting: SHB Damon Farmar
|
0-0: Fly out, F9 (Line Drive, 9D, EV 91.3 MPH)
|
|
Batting: RHB John Cortez
|
0-0: Foul Ball, location: 2F 0-1: Ball 1-1: Foul Ball, location: 2F 1-2: Ball 2-2: SINGLE (Line Drive, 7S, EV 93.1 MPH)
|
|
Batting: RHB Curtis Burke
|
0-0: Ball Pickoff Throw to First - Out! 1-3 1-0: Ball 2-0: Ball 3-0: Called Strike 3-1: Reached on error, E1 (Groundball, 13S, EV 63.1 MPH)
|
|
Batting: SHB Mike A Brumley
|
0-0: Ball 1-0: Called Strike 1-1: Ball 2-1: DOUBLE (Line Drive, 89D, EV 106.9 MPH) Curtis Burke scores
|
|
Batting: LHB Thomas Gertz
|
0-0: Ball 1-0: Called Strike 1-1: Ball 2-1: Called Strike 2-2: Ground out 4-3 (Groundball, 34, EV 86.3 MPH)
|
| Top of the 5th over - 1 run, 2 hits, 1 error, 1 left on base; Walla Walla 2 - Bend 1 |
| BOTTOM OF THE 5TH |
|
Bend Bandits batting - Pitching for Walla Walla Walleyes : RHP John Johnson
|
|
Batting: RHB Jeffrey Thompson
|
0-0: Swinging Strike 0-1: Ball 1-1: Ball 2-1: Ball 3-1: Ground out 6-3 (Groundball, 6S, EV 88.1 MPH)
|
|
Batting: RHB Johnny Barnette
|
0-0: Foul Ball, location: 2F 0-1: Ball 1-1: Swinging Strike 1-2: Strikes out swinging
|
|
Batting: RHB Kevin Romine
|
0-0: Ball 1-0: Foul Ball, location: 2F 1-1: Ground out 5-3 (Groundball, 56S, EV 84.4 MPH)
|
| Bottom of the 5th over - 0 runs, 0 hits, 0 errors, 0 left on base; Walla Walla 2 - Bend 1 |
| TOP OF THE 6TH |
|
Walla Walla Walleyes batting - Pitching for Bend Bandits : RHP Ignacio Sola
|
|
Batting: RHB Osbe Hoskins
|
0-0: Ball 1-0: Ball 2-0: Foul Ball, location: 2F 2-1: Ball 3-1: Base on Balls
|
|
Batting: LHB Brian Hartsock
|
0-0: Called Strike 0-1: Ball 1-1: Ball 2-1: Ball 3-1: Called Strike 3-2: Fielders Choice at 2nd, 5-4 (Groundball, 56, EV 84.4 MPH)
|
|
Batting: SHB Jeff McKnight
|
0-0: Ball 1-0: Grounds into double play, 6-4-3 (Groundball, 6S, EV 84.4 MPH)
|
| Top of the 6th over - 0 runs, 0 hits, 0 errors, 0 left on base; Walla Walla 2 - Bend 1 |
| BOTTOM OF THE 6TH |
|
Bend Bandits batting - Pitching for Walla Walla Walleyes : RHP John Johnson
|
|
Batting: LHB Barry Houston
|
0-0: Ball 1-0: Ball 2-0: Ball 3-0: Base on Balls
|
|
Batting: RHB Jeff Doerr
|
0-0: Ball 1-0: Ball Barry Houston is caught stealing 2nd base 2-4 2-0: Foul Ball, location: 2F 2-1: Ball 3-1: Foul Ball, location: 2F 3-2: DOUBLE (Groundball, 5L, EV 97.5 MPH)
|
|
Batting: LHB Jim Riggs
|
0-0: Foul Ball, location: 2F 0-1: Called Strike 0-2: Ball 1-2: Ball 2-2: Ball 3-2: Ground out 4-3 (Groundball, 4, EV 80.6 MPH) Jeff Doerr to third
|
|
Batting: RHB Mark Frishman
|
0-0: Ball 1-0: Called Strike 1-1: Called Strike 1-2: Strikes out swinging
|
| Bottom of the 6th over - 0 runs, 1 hit, 0 errors, 1 left on base; Walla Walla 2 - Bend 1 |
| TOP OF THE 7TH |
|
Walla Walla Walleyes batting - Pitching for Bend Bandits : RHP Ignacio Sola
|
|
Batting: RHB Mitch Lyden
|
0-0: Ball 1-0: Ball 2-0: Ground out 6-3 (Groundball, 6, EV 105.0 MPH)
|
|
Batting: SHB Damon Farmar
|
0-0: Foul Ball, location: 2F 0-1: Swinging Strike 0-2: Foul Ball, location: 2F 0-2: Ball 1-2: Ground out 1-3 (Groundball, 13S, EV 63.1 MPH)
|
|
Batting: RHB John Cortez
|
0-0: Ball 1-0: Ball 2-0: Ball 3-0: Base on Balls
|
|
Batting: RHB Curtis Burke
|
0-0: Called Strike 0-1: Called Strike 0-2: Ball 1-2: Fly out, F9 (Flyball, 89D, EV 78.1 MPH)
|
| Top of the 7th over - 0 runs, 0 hits, 0 errors, 1 left on base; Walla Walla 2 - Bend 1 |
| BOTTOM OF THE 7TH |
|
Bend Bandits batting - Pitching for Walla Walla Walleyes : RHP John Johnson
|
|
Batting: RHB Trajano Estrela
|
0-0: Fly out, F9 (Line Drive, 9, EV 100.0 MPH)
|
|
Batting: RHB Jeffrey Ulrich
|
0-0: Called Strike 0-1: Fly out, F8 (Line Drive, 8LD, EV 103.1 MPH)
|
|
Batting: RHB Jeffrey Thompson
|
0-0: Ball 1-0: Ball 2-0: Ball 3-0: Called Strike 3-1: Base on Balls
|
|
Pinch Hitting: LHB Bill Kuchar
|
0-0: Foul Ball, location: 2F 0-1: Swinging Strike 0-2: Strikes out swinging
|
| Bottom of the 7th over - 0 runs, 0 hits, 0 errors, 1 left on base; Walla Walla 2 - Bend 1 |
| TOP OF THE 8TH |
|
Walla Walla Walleyes batting - Pitching for Bend Bandits : RHP Ignacio Sola
|
|
Now in LF: Jerome Coleman
|
|
|
Batting: SHB Mike A Brumley
|
0-0: SINGLE (Line Drive, 7S, EV 109.4 MPH)
|
|
Batting: LHB Thomas Gertz
|
0-0: Ball 1-0: Ball 2-0: Called Strike 2-1: Foul Ball, location: 2F 2-2: Fielders Choice at 2nd, 4-6 (Groundball, 4, EV 108.8 MPH)
|
|
Pitching: RHP Dale Drew
|
|
|
Batting: RHB Osbe Hoskins
|
0-0: Ball 1-0: Ball 2-0: Called Strike 2-1: Ball 3-1: Base on Balls Thomas Gertz to second
|
|
Batting: LHB Brian Hartsock
|
0-0: Ball 1-0: SINGLE (Flyball, 89M, EV 95.0 MPH) Thomas Gertz to third Osbe Hoskins to second Runner from 3rd tries for Home, SAFE, throw by RF to home
|
|
Batting: SHB Jeff McKnight
|
0-0: Called Strike 0-1: Foul Ball, location: 2F 0-2: SINGLE (Line Drive, 9S, EV 105.6 MPH) Osbe Hoskins to third Brian Hartsock to second Runner from 3rd tries for Home, SAFE, throw by RF to home
|
|
Batting: RHB Mitch Lyden
|
0-0: Ball 1-0: Foul Ball, location: 2F 1-1: Foul Ball, location: 2F 1-2: Foul Ball, location: 2F 1-2: Fielders Choice at 2nd, 5-4 (Groundball, 56, EV 79.4 MPH) Brian Hartsock to third
|
|
Batting: SHB Damon Farmar
|
0-0: Called Strike 0-1: Ball 1-1: Swinging Strike 1-2: Foul Ball, location: 2F 1-2: Foul Ball, location: 2F 1-2: Foul Ball, location: 2F 1-2: 3-RUN HOME RUN (Flyball, 89XD, EV 99.4 MPH), Distance : 393 ft
|
|
Pitching: RHP Christopher Ray
|
|
|
Batting: RHB John Cortez
|
0-0: Called Strike 0-1: Ball 1-1: Foul Ball, location: 2F 1-2: Foul Ball, location: 2F 1-2: Foul Ball, location: 2F 1-2: Ball 2-2: Fly out, F8 (Line Drive, 8RD, EV 90.0 MPH)
|
| Top of the 8th over - 5 runs, 4 hits, 0 errors, 0 left on base; Walla Walla 7 - Bend 1 |
| BOTTOM OF THE 8TH |
|
Bend Bandits batting - Pitching for Walla Walla Walleyes : RHP John Johnson
|
|
Batting: RHB Kevin Romine
|
0-0: Called Strike 0-1: Called Strike 0-2: Ground out 5-3 (Groundball, 56S, EV 84.4 MPH)
|
|
Batting: LHB Barry Houston
|
0-0: Ball 1-0: SINGLE (Line Drive, 34, EV 104.4 MPH)
|
|
Batting: RHB Jeff Doerr
|
0-0: Ball 1-0: Called Strike 1-1: Ball 2-1: Foul Ball, location: 2F 2-2: Ball 3-2: Base on Balls Barry Houston to second
|
|
Batting: LHB Jim Riggs
|
0-0: Called Strike 0-1: Ball 1-1: Foul Ball, location: 2F 1-2: Fly out, F3 (Popup, 3D, EV 60.0 MPH)
|
|
Batting: RHB Mark Frishman
|
0-0: Called Strike 0-1: Foul Ball, location: 2F 0-2: Fly out, F3 (Popup, 34S, EV 75.0 MPH)
|
| Bottom of the 8th over - 0 runs, 1 hit, 0 errors, 2 left on base; Walla Walla 7 - Bend 1 |
| TOP OF THE 9TH |
|
Walla Walla Walleyes batting - Pitching for Bend Bandits : RHP Christopher Ray
|
|
Pitching: LHP James Canavan
|
|
|
Batting: RHB Curtis Burke
|
0-0: Ball 1-0: Swinging Strike 1-1: Foul Ball, location: 2F 1-2: Ball 2-2: Ball 3-2: Foul Ball, location: 2F 3-2: SINGLE (Line Drive, 78S, EV 95.6 MPH)
|
|
Batting: SHB Mike A Brumley
|
0-0: Called Strike 0-1: Ball 1-1: Ball 2-1: Swinging Strike 2-2: Strikes out swinging
|
|
Batting: LHB Thomas Gertz
|
0-0: Ball 1-0: Fielders Choice at 2nd, 4-6 (Groundball, 34D, EV 77.5 MPH)
|
|
Batting: RHB Osbe Hoskins
|
0-0: Ground out 4-3 (Groundball, 4, EV 107.5 MPH)
|
| Top of the 9th over - 0 runs, 1 hit, 0 errors, 1 left on base; Walla Walla 7 - Bend 1 |
| BOTTOM OF THE 9TH |
|
Bend Bandits batting - Pitching for Walla Walla Walleyes : RHP John Johnson
|
|
Batting: RHB Trajano Estrela
|
0-0: SINGLE (Line Drive, 9LS, EV 91.3 MPH)
|
|
Batting: RHB Jeffrey Ulrich
|
0-0: Fly out, F9 (Flyball, 89S, EV 89.4 MPH)
|
|
Batting: RHB Jeffrey Thompson
|
0-0: Ball 1-0: SINGLE (Groundball, 56D, EV 99.4 MPH) Trajano Estrela to second
|
|
Batting: LHB Jerome Coleman
|
0-0: Ball 1-0: Ball 2-0: Ball 3-0: Base on Balls Trajano Estrela to third Jeffrey Thompson to second
|
|
Batting: RHB Kevin Romine
|
0-0: Reached on error, E6 (Groundball, 6, EV 90.6 MPH) Trajano Estrela scores Jeffrey Thompson to third Jerome Coleman to second
|
|
Pitching: LHP Alex Marquez
|
|
|
Batting: LHB Barry Houston
|
0-0: Fielders Choice at 2nd, 4-6 (Groundball, 4S, EV 89.4 MPH) Jeffrey Thompson scores Jerome Coleman to third
|
|
Batting: RHB Jeff Doerr
|
0-0: Foul Ball, location: 2F 0-1: Ball 1-1: Ball 2-1: Ball 3-1: Fielders Choice at 2nd, 6-4 (Groundball, 6, EV 86.9 MPH)
|
| Bottom of the 9th over - 2 runs, 2 hits, 1 error, 2 left on base; Walla Walla 7 - Bend 3 |
|